TOP OF THE 1ST |
Colorado Avalanche batting - Pitching for Oakland Oaks : RHP Jasper Schrijver
|
Pitching: RHP Jasper Schrijver
|
|
Batting: LHB Glenn Lowther
|
0-0: Ball 1-0: Ball 2-0: Called Strike 2-1: Ball 3-1: Base on Balls
|
Batting: LHB Mick Tucker
|
0-0: Ball 1-0: Ball 2-0: Ball 3-0: Called Strike 3-1: Base on Balls Glenn Lowther to second
|
Batting: SHB Chris Besselman
|
0-0: Ball 1-0: Called Strike 1-1: Ball 2-1: Grounds into double play, 4-6-3 (Groundball, 4MD, EV 106.2 MPH) Glenn Lowther to third
|
Batting: LHB Nick Rooney
|
0-0: Ball 1-0: Ball 2-0: Ball 3-0: Called Strike 3-1: Foul Ball, location: 2F 3-2: Foul Ball, location: 2F 3-2: Base on Balls
|
Batting: RHB Matviy Oliynyk
|
0-0: Fielders Choice at 2nd, 6-4 (Groundball, 6, EV 99.4 MPH)
|
Top of the 1st over - 0 runs, 0 hits, 0 errors, 2 left on base; Colorado 0 - Oakland 0 |
BOTTOM OF THE 1ST |
Oakland Oaks batting - Pitching for Colorado Avalanche : RHP Tsuneyoshi Kubo
|
Pitching: RHP Tsuneyoshi Kubo
|
|
Batting: RHB Chris Bohm
|
0-0: Ball 1-0: Foul Ball, location: 2F 1-1: Ground out 5-3 (Groundball, 56S, EV 79.4 MPH)
|
Batting: RHB Scott Lister
|
0-0: Called Strike 0-1: Foul Ball, location: 2F 0-2: Ball 1-2: Foul Ball, location: 2F 1-2: Strikes out swinging
|
Batting: RHB Walt Alaniz
|
0-0: SINGLE (Line Drive, 34, EV 95.6 MPH)
|
Batting: LHB Felipe Gomez
|
0-0: Ground out 4-3 (Groundball, 34, EV 90.0 MPH)
|
Bottom of the 1st over - 0 runs, 1 hit, 0 errors, 1 left on base; Colorado 0 - Oakland 0 |
TOP OF THE 2ND |
Colorado Avalanche batting - Pitching for Oakland Oaks : RHP Jasper Schrijver
|
Batting: LHB Paul McClintock
|
0-0: Ball 1-0: Ball 2-0: Swinging Strike 2-1: Ball 3-1: Ground out 1-3 (Groundball, 13S, EV 69.4 MPH)
|
Batting: RHB Seisaburo Edagawa
|
0-0: Ball 1-0: Ball 2-0: Ground out 6-3 (Groundball, 6, EV 85.0 MPH)
|
Batting: LHB Nick Martin
|
0-0: Swinging Strike 0-1: Called Strike 0-2: Strikes out swinging
|
Top of the 2nd over - 0 runs, 0 hits, 0 errors, 0 left on base; Colorado 0 - Oakland 0 |
BOTTOM OF THE 2ND |
Oakland Oaks batting - Pitching for Colorado Avalanche : RHP Tsuneyoshi Kubo
|
Batting: RHB Chris Temple
|
0-0: Ground out 6-3 (Groundball, 6M, EV 85.0 MPH)
|
Batting: LHB Ed Talamantes
|
0-0: Foul Ball, location: 2F 0-1: Called Strike 0-2: Strikes out swinging
|
Batting: RHB Don Burt
|
0-0: Ball 1-0: Called Strike 1-1: Foul Ball, location: 2F 1-2: Fly out, F9 (Flyball, 9D, EV 100.0 MPH)
|
Bottom of the 2nd over - 0 runs, 0 hits, 0 errors, 0 left on base; Colorado 0 - Oakland 0 |
TOP OF THE 3RD |
Colorado Avalanche batting - Pitching for Oakland Oaks : RHP Jasper Schrijver
|
Batting: RHB Bob Hayes
|
0-0: Called Strike 0-1: Ball 1-1: Fly out, F8 (Line Drive, 8RM, EV 93.8 MPH)
|
Batting: LHB Glenn Lowther
|
0-0: Foul Ball, location: 2F 0-1: Ball 1-1: Called Strike 1-2: Ball 2-2: Foul Ball, location: 2F 2-2: Ball 3-2: Base on Balls
|
Batting: LHB Mick Tucker
|
0-0: Called Strike Glenn Lowther steals 2nd base (no throw) 0-1: Ball Glenn Lowther steals 3rd base 1-1: Foul Ball, location: 2F 1-2: Strikes out swinging, 2-3 out at first.
|
Batting: SHB Chris Besselman
|
0-0: Called Strike 0-1: SINGLE (Groundball, 4D, EV 98.8 MPH) Glenn Lowther scores
|
Batting: LHB Nick Rooney
|
0-0: Ball 1-0: Ball 2-0: Called Strike 2-1: Foul Ball, location: 2F 2-2: Strikes out swinging
|
Top of the 3rd over - 1 run, 1 hit, 0 errors, 1 left on base; Colorado 1 - Oakland 0 |
BOTTOM OF THE 3RD |
Oakland Oaks batting - Pitching for Colorado Avalanche : RHP Tsuneyoshi Kubo
|
Batting: RHB Travis Robinson
|
0-0: Ball 1-0: Foul Ball, location: 2F 1-1: Ball 2-1: Foul Ball, location: 2F 2-2: Ball 3-2: Base on Balls
|
Batting: RHB Tim Anderson
|
0-0: Ball 1-0: Swinging Strike 1-1: Foul Ball, location: 2F 1-2: Strikes out swinging
|
Batting: RHB Chris Bohm
|
0-0: Called Strike 0-1: Ball 1-1: Ball 2-1: Ball 3-1: Called Strike 3-2: Strikes out looking
|
Batting: RHB Scott Lister
|
0-0: Ball 1-0: Ball 2-0: Ball 3-0: Called Strike 3-1: Base on Balls Travis Robinson to second
|
Batting: RHB Walt Alaniz
|
0-0: Called Strike 0-1: Ball 1-1: Ball 2-1: Ball 3-1: SINGLE (Line Drive, 4MD, EV 106.2 MPH) Travis Robinson to third Scott Lister to second
|
Batting: LHB Felipe Gomez
|
0-0: Called Strike 0-1: Foul Ball, location: 2F 0-2: Ball 1-2: Ball 2-2: Foul Ball, location: 2F 2-2: Foul Ball, location: 2F 2-2: Ball 3-2: Ground out 6-3 (Groundball, 4MS, EV 88.8 MPH)
|
Bottom of the 3rd over - 0 runs, 1 hit, 0 errors, 3 left on base; Colorado 1 - Oakland 0 |
TOP OF THE 4TH |
Colorado Avalanche batting - Pitching for Oakland Oaks : RHP Jasper Schrijver
|
Batting: RHB Matviy Oliynyk
|
0-0: Fly out, F7 (Flyball, 8LS, EV 94.4 MPH)
|
Batting: LHB Paul McClintock
|
0-0: Called Strike 0-1: Ball 1-1: Ball 2-1: Called Strike 2-2: Fly out, F9 (Flyball, 9D, EV 101.2 MPH)
|
Batting: RHB Seisaburo Edagawa
|
0-0: DOUBLE (Line Drive, 9LS, EV 87.5 MPH) - OUT at third base trying to stretch hit.
|
Top of the 4th over - 0 runs, 1 hit, 0 errors, 0 left on base; Colorado 1 - Oakland 0 |
BOTTOM OF THE 4TH |
Oakland Oaks batting - Pitching for Colorado Avalanche : RHP Tsuneyoshi Kubo
|
Batting: RHB Chris Temple
|
0-0: Swinging Strike 0-1: Ball 1-1: Ball 2-1: Foul Ball, location: 2F 2-2: Fly out, F7 (Flyball, 7LS, EV 90.6 MPH)
|
Batting: LHB Ed Talamantes
|
0-0: Ball 1-0: Swinging Strike 1-1: Ball 2-1: Called Strike 2-2: Ball 3-2: SOLO HOME RUN (Flyball, 78XD, EV 106.9 MPH), Distance : 425 ft
|
Batting: RHB Don Burt
|
0-0: Ball 1-0: Ground out 1-3 (Groundball, 13S, EV 70.0 MPH)
|
Batting: RHB Travis Robinson
|
0-0: Ball 1-0: Ball 2-0: Called Strike 2-1: Ball 3-1: TRIPLE (Flyball, 89XD, EV 106.2 MPH)
|
Batting: RHB Tim Anderson
|
0-0: Called Strike 0-1: Ground out 1-3 (Groundball, 34S, EV 75.6 MPH)
|
Bottom of the 4th over - 1 run, 2 hits, 0 errors, 1 left on base; Colorado 1 - Oakland 1 |
TOP OF THE 5TH |
Colorado Avalanche batting - Pitching for Oakland Oaks : RHP Jasper Schrijver
|
Batting: LHB Nick Martin
|
0-0: Foul Ball, location: 2F 0-1: Ball 1-1: Ball 2-1: Ball 3-1: Base on Balls
|
Batting: RHB Bob Hayes
|
0-0: Ball 1-0: Ball 2-0: Ball 3-0: Called Strike 3-1: Foul Ball, location: 2F 3-2: Foul Ball, location: 2F 3-2: Grounds into double play, 6-4-3 (Groundball, 6, EV 83.8 MPH)
|
Batting: LHB Glenn Lowther
|
0-0: Ball 1-0: Called Strike 1-1: Called Strike 1-2: Ball 2-2: Ball 3-2: Base on Balls
|
Pitching: RHP Caleb Hansberger
|
|
Batting: LHB Mick Tucker
|
0-0: Ball Glenn Lowther steals 2nd base (no throw) 1-0: Ball 2-0: Ground out 4-3 (Groundball, 4M, EV 99.4 MPH)
|
Top of the 5th over - 0 runs, 0 hits, 0 errors, 1 left on base; Colorado 1 - Oakland 1 |
BOTTOM OF THE 5TH |
Oakland Oaks batting - Pitching for Colorado Avalanche : RHP Tsuneyoshi Kubo
|
Batting: RHB Chris Bohm
|
0-0: Ball 1-0: Ball 2-0: Foul Ball, location: 2F 2-1: Called Strike 2-2: Foul Ball, location: 2F 2-2: Ball 3-2: SOLO HOME RUN (Flyball, 7LD, EV 88.8 MPH), Distance : 331 ft
|
Batting: RHB Scott Lister
|
0-0: Ball 1-0: Called Strike 1-1: Ball 2-1: Called Strike 2-2: Strikes out swinging
|
Batting: RHB Walt Alaniz
|
0-0: Called Strike 0-1: Ball 1-1: Ground out 4-3 (Groundball, 4, EV 82.5 MPH)
|
Batting: LHB Felipe Gomez
|
0-0: Called Strike 0-1: Ball 1-1: Swinging Strike 1-2: Strikes out looking
|
Bottom of the 5th over - 1 run, 1 hit, 0 errors, 0 left on base; Colorado 1 - Oakland 2 |
TOP OF THE 6TH |
Colorado Avalanche batting - Pitching for Oakland Oaks : RHP Caleb Hansberger
|
Batting: SHB Chris Besselman
|
0-0: Ball 1-0: Called Strike 1-1: Ball 2-1: Swinging Strike 2-2: Strikes out swinging
|
Batting: LHB Nick Rooney
|
0-0: Foul Ball, location: 2F 0-1: Foul Ball, location: 2F 0-2: Ball 1-2: Ball 2-2: Ball 3-2: Strikes out swinging
|
Batting: RHB Matviy Oliynyk
|
0-0: Swinging Strike 0-1: Foul Ball, location: 2F 0-2: Strikes out swinging
|
Top of the 6th over - 0 runs, 0 hits, 0 errors, 0 left on base; Colorado 1 - Oakland 2 |
BOTTOM OF THE 6TH |
Oakland Oaks batting - Pitching for Colorado Avalanche : RHP Tsuneyoshi Kubo
|
Batting: RHB Chris Temple
|
0-0: Ball 1-0: Called Strike 1-1: Fly out, F6 (Line Drive, 6, EV 64.4 MPH)
|
Batting: LHB Ed Talamantes
|
0-0: Foul Ball, location: 2F 0-1: Ball 1-1: Ball 2-1: Foul Ball, location: 2F 2-2: Ball 3-2: Foul Ball, location: 2F 3-2: Foul Ball, location: 2F 3-2: Foul Ball, location: 2F 3-2: Base on Balls
|
Batting: RHB Don Burt
|
0-0: Called Strike Ed Talamantes is caught stealing 2nd base 2-4 0-1: Ball 1-1: Ground out 5-3 (Groundball, 56S, EV 72.5 MPH)
|
Bottom of the 6th over - 0 runs, 0 hits, 0 errors, 0 left on base; Colorado 1 - Oakland 2 |
TOP OF THE 7TH |
Colorado Avalanche batting - Pitching for Oakland Oaks : RHP Caleb Hansberger
|
Batting: LHB Paul McClintock
|
0-0: Ground out 6-3 (Groundball, 56D, EV 98.1 MPH)
|
Batting: RHB Seisaburo Edagawa
|
0-0: Foul Ball, location: 2F 0-1: Ball 1-1: Ground out 6-3 (Groundball, 6M, EV 78.8 MPH)
|
Batting: LHB Nick Martin
|
0-0: Foul Ball, location: 2F 0-1: Fly out, F8 (Flyball, 8RM, EV 91.9 MPH)
|
Top of the 7th over - 0 runs, 0 hits, 0 errors, 0 left on base; Colorado 1 - Oakland 2 |
BOTTOM OF THE 7TH |
Oakland Oaks batting - Pitching for Colorado Avalanche : RHP Tsuneyoshi Kubo
|
Batting: RHB Travis Robinson
|
0-0: Swinging Strike 0-1: Ball 1-1: Ball 2-1: Ball 3-1: Swinging Strike 3-2: Strikes out swinging
|
Batting: RHB Tim Anderson
|
0-0: Called Strike 0-1: Swinging Strike 0-2: Ball 1-2: Ball 2-2: Ball 3-2: Base on Balls
|
Pitching: LHP Dan Ott
|
|
Batting: RHB Chris Bohm
|
0-0: Called Strike 0-1: Ball 1-1: Ball 2-1: Ball 3-1: Called Strike 3-2: Strikes out looking
|
Batting: RHB Scott Lister
|
0-0: Called Strike Tim Anderson is caught stealing 2nd base 2-4
|
Bottom of the 7th over - 0 runs, 0 hits, 0 errors, 0 left on base; Colorado 1 - Oakland 2 |
TOP OF THE 8TH |
Colorado Avalanche batting - Pitching for Oakland Oaks : RHP Caleb Hansberger
|
Now at 1B: Jason Dove
|
|
Batting: RHB Bob Hayes
|
0-0: Called Strike 0-1: Ball 1-1: Swinging Strike 1-2: Fly out, F7 (Flyball, 7S, EV 84.4 MPH)
|
Batting: LHB Glenn Lowther
|
0-0: SINGLE (Groundball, 56D, EV 94.4 MPH)
|
Pitching: RHP Victor Sanchez
|
|
Batting: LHB Mick Tucker
|
0-0: Ball 1-0: Ball 2-0: Foul Ball, location: 2F 2-1: Foul Ball, location: 2F 2-2: DOUBLE (Groundball, 3L, EV 102.5 MPH) Glenn Lowther to third Runner from 3rd tries for Home, SAFE, no throw by RF
|
Batting: SHB Chris Besselman
|
0-0: Called Strike 0-1: Called Strike 0-2: Ball 1-2: Fly out, F6 (Line Drive, 56D, EV 72.5 MPH)
|
Batting: LHB Nick Rooney
|
0-0: Intentional Walk
|
Batting: RHB Matviy Oliynyk
|
0-0: Ball 1-0: Ball 2-0: Called Strike 2-1: Swinging Strike 2-2: Strikes out swinging
|
Top of the 8th over - 1 run, 2 hits, 0 errors, 2 left on base; Colorado 2 - Oakland 2 |
BOTTOM OF THE 8TH |
Oakland Oaks batting - Pitching for Colorado Avalanche : LHP Dan Ott
|
Batting: RHB Scott Lister
|
0-0: Swinging Strike 0-1: Ball 1-1: Ball 2-1: Called Strike 2-2: Ball 3-2: Foul Ball, location: 2F 3-2: Strikes out swinging
|
Batting: RHB Walt Alaniz
|
0-0: Ball 1-0: Hit by Pitch
|
Pinch Hitting: RHB Wade Diamond
|
0-0: Called Strike 0-1: Foul Ball, location: 2F 0-2: Ball 1-2: Ball 2-2: Ball 3-2: Fly out, F7 (Flyball, BS2, EV 99.4 MPH)
|
Pitching: LHP Juan Vargas
|
|
Batting: RHB Chris Temple
|
0-0: Swinging Strike 0-1: SINGLE (Line Drive, 34, EV 96.9 MPH) Walt Alaniz to second
|
Batting: RHB Jason Dove
|
0-0: DOUBLE (Line Drive, 9LD, EV 114.4 MPH) Walt Alaniz scores Chris Temple to third
|
Batting: RHB Don Burt
|
0-0: Called Strike 0-1: Swinging Strike 0-2: Strikes out swinging
|
Bottom of the 8th over - 1 run, 2 hits, 0 errors, 2 left on base; Colorado 2 - Oakland 3 |
TOP OF THE 9TH |
Colorado Avalanche batting - Pitching for Oakland Oaks : RHP Victor Sanchez
|
Pitching: LHP Jason Hahn
|
|
Now in RF: Marcus Pollard
|
|
Pinch Hitting: RHB Mike McElroy
|
0-0: Swinging Strike 0-1: Ball 1-1: Ball 2-1: Foul Ball, location: 2F 2-2: SINGLE (Line Drive, 78M, EV 90.0 MPH)
|
Batting: RHB Seisaburo Edagawa
|
0-0: Sac Bunt to 23 - play at first, batter OUT! 3-4 Mike McElroy to second
|
Pinch Hitting: RHB Eric Delgado
|
0-0: Ball 1-0: Ball 2-0: Ball 3-0: Base on Balls
|
Batting: RHB Bob Hayes
|
0-0: Swinging Strike 0-1: Foul Ball, location: 2F 0-2: Ball 1-2: Strikes out swinging
|
Batting: LHB Glenn Lowther
|
0-0: Ball 1-0: Swinging Strike 1-1: Foul Ball, location: 2F 1-2: 3-RUN HOME RUN (Flyball, 89XD, EV 116.9 MPH), Distance : 444 ft
|
Batting: RHB Chris Tatum
|
0-0: Called Strike 0-1: Foul Ball, location: 2F 0-2: Foul Ball, location: 2F 0-2: Ball 1-2: Ball 2-2: Fly out, F7 (Flyball, 7D, EV 85.6 MPH)
|
Top of the 9th over - 3 runs, 2 hits, 0 errors, 0 left on base; Colorado 5 - Oakland 3 |
BOTTOM OF THE 9TH |
Oakland Oaks batting - Pitching for Colorado Avalanche : LHP Juan Vargas
|
Now at 2B: Mike McElroy
|
|
Now in LF: Seisaburo Edagawa
|
|
Now in RF: Craig Ruzic
|
|
Batting: RHB Travis Robinson
|
0-0: Called Strike 0-1: Swinging Strike 0-2: Strikes out looking
|
Pinch Hitting: SHB Ryan Chicoine
|
0-0: Foul Ball, location: 2F 0-1: Ball 1-1: Ball 2-1: Foul Ball, location: 2F 2-2: Ball 3-2: Fly out, F9 (Line Drive, 9, EV 104.4 MPH)
|
Batting: RHB Chris Bohm
|
0-0: Ball 1-0: SINGLE (Line Drive, 6D, EV 100.0 MPH)
|
Batting: RHB Scott Lister
|
0-0: Ball Wild Pitch! Chris Bohm to second 1-0: Ball 2-0: Called Strike 2-1: Foul Ball, location: 2F 2-2: Strikes out swinging
|
Bottom of the 9th over - 0 runs, 1 hit, 0 errors, 1 left on base; Colorado 5 - Oakland 3 |
|